| TOP OF THE 1ST |
|
Round Rock Express batting - Pitching for Pawtucket Red Sox : RHP J.J. Dean
|
|
Pitching: RHP J.J. Dean
|
|
|
Batting: RHB Cody Flowers
|
0-0: Called Strike 0-1: SINGLE (Groundball, 56, EV 98.8 MPH)
|
|
Batting: SHB David Simpson
|
0-0: Called Strike 0-1: Ball 1-1: Ball 2-1: Ball 3-1: Fly out, F4 (Line Drive, 4, EV 68.1 MPH)
|
|
Batting: RHB Jose Leon
|
0-0: Ball 1-0: Grounds into double play, 4-6-3 (Groundball, 4, EV 106.2 MPH)
|
| Top of the 1st over - 0 runs, 1 hit, 0 errors, 0 left on base; Round Rock 0 - Pawtucket 0 |
| BOTTOM OF THE 1ST |
|
Pawtucket Red Sox batting - Pitching for Round Rock Express : RHP Ryan Jones
|
|
Pitching: RHP Ryan Jones
|
|
|
Batting: LHB Shoichi Aso
|
0-0: Ball 1-0: Ball 2-0: Ball 3-0: Base on Balls
|
|
Batting: LHB Mike Mentzer
|
0-0: Fielders Choice at 2nd, 6-4 (Groundball, 6, EV 80.0 MPH)
|
|
Batting: RHB Marty King
|
0-0: Fly out, F8 (Flyball, 8RM, EV 83.8 MPH)
|
|
Batting: SHB Marvin Lawrence
|
0-0: Fly out, F7 (Flyball, 7S, EV 84.4 MPH)
|
| Bottom of the 1st over - 0 runs, 0 hits, 0 errors, 1 left on base; Round Rock 0 - Pawtucket 0 |
| TOP OF THE 2ND |
|
Round Rock Express batting - Pitching for Pawtucket Red Sox : RHP J.J. Dean
|
|
Batting: RHB Orlando Suarez
|
0-0: Called Strike 0-1: Foul Ball, location: 2F 0-2: Ball 1-2: Strikes out looking
|
|
Batting: RHB Ernie Weathersbee
|
0-0: DOUBLE (Flyball, 89D, EV 103.1 MPH)
|
|
Batting: RHB Jimmy Hammertime
|
0-0: Ball Ernie Weathersbee steals 3rd base 1-0: Called Strike 1-1: Ball 2-1: Foul Ball, location: 2F 2-2: Strikes out swinging
|
|
Batting: LHB Pauli Gassinger
|
0-0: Ground out 5-3 (Groundball, 56, EV 76.2 MPH)
|
| Top of the 2nd over - 0 runs, 1 hit, 0 errors, 1 left on base; Round Rock 0 - Pawtucket 0 |
| BOTTOM OF THE 2ND |
|
Pawtucket Red Sox batting - Pitching for Round Rock Express : RHP Ryan Jones
|
|
Batting: SHB Ben Ervin
|
0-0: Ball 1-0: Foul Ball, location: 2F 1-1: Swinging Strike 1-2: Foul Ball, location: 2F 1-2: Foul Ball, location: 2F 1-2: Strikes out looking
|
|
Batting: RHB Ernie Genier
|
0-0: Called Strike 0-1: Ball 1-1: Ground out 5-3 (Groundball, 5L, EV 98.8 MPH)
|
|
Batting: RHB Mike Quackenbush
|
0-0: SINGLE (Groundball, 6, EV 93.8 MPH)
|
|
Batting: RHB Xavier Joslin
|
0-0: Called Strike Mike Quackenbush steals 2nd base 0-1: Ball 1-1: DOUBLE (Flyball, 8RXD, EV 86.9 MPH) Mike Quackenbush scores
|
|
Batting: SHB Gus Cruz
|
0-0: Ground out U3 (Groundball, 3, EV 80.6 MPH)
|
| Bottom of the 2nd over - 1 run, 2 hits, 0 errors, 1 left on base; Round Rock 0 - Pawtucket 1 |
| TOP OF THE 3RD |
|
Round Rock Express batting - Pitching for Pawtucket Red Sox : RHP J.J. Dean
|
|
Batting: RHB Gavin Fimple
|
0-0: Called Strike 0-1: Foul Ball, location: 2F 0-2: Strikes out swinging
|
|
Batting: RHB Rick Concha
|
0-0: Ball 1-0: Foul Ball, location: 2F 1-1: Ball 2-1: Ball 3-1: Base on Balls
|
|
Batting: RHB Cody Flowers
|
0-0: Ball 1-0: Called Strike 1-1: Ball 2-1: Fielders Choice at 2nd, 5-4 (Groundball, 5, EV 91.9 MPH)
|
|
Batting: SHB David Simpson
|
0-0: Ball 1-0: Ball Cody Flowers steals 2nd base (no throw) 2-0: Ball 3-0: Base on Balls
|
|
Batting: RHB Jose Leon
|
0-0: Called Strike 0-1: Foul Ball, location: 2F 0-2: Ball 1-2: Ball 2-2: Foul Ball, location: 2F 2-2: Foul Ball, location: 2F 2-2: Ball 3-2: Strikes out swinging
|
| Top of the 3rd over - 0 runs, 0 hits, 0 errors, 2 left on base; Round Rock 0 - Pawtucket 1 |
| BOTTOM OF THE 3RD |
|
Pawtucket Red Sox batting - Pitching for Round Rock Express : RHP Ryan Jones
|
|
Batting: LHB Shoichi Aso
|
0-0: Called Strike 0-1: Ball 1-1: Ball 2-1: Fly out, F9 (Flyball, 9, EV 85.0 MPH)
|
|
Batting: LHB Mike Mentzer
|
0-0: Called Strike 0-1: Ball 1-1: Fly out, F7 (Flyball, 7LD, EV 110.0 MPH)
|
|
Batting: RHB Marty King
|
0-0: Ball 1-0: Swinging Strike 1-1: Called Strike 1-2: Ball 2-2: Foul Ball, location: 2F 2-2: Ball 3-2: Base on Balls
|
|
Batting: SHB Marvin Lawrence
|
0-0: Ball 1-0: Ball 2-0: 2-RUN HOME RUN (Flyball, 7D, EV 96.2 MPH), Distance : 370 ft
|
|
Batting: SHB Ben Ervin
|
0-0: Ball 1-0: Called Strike 1-1: Foul Ball, location: 2F 1-2: SINGLE (Flyball, 5D, EV 98.8 MPH)
|
|
Batting: RHB Ernie Genier
|
0-0: Called Strike 0-1: Ball Ben Ervin steals 2nd base 1-1: Fly out, F8 (Line Drive, 8RM, EV 88.8 MPH)
|
| Bottom of the 3rd over - 2 runs, 2 hits, 0 errors, 1 left on base; Round Rock 0 - Pawtucket 3 |
| TOP OF THE 4TH |
|
Round Rock Express batting - Pitching for Pawtucket Red Sox : RHP J.J. Dean
|
|
Batting: RHB Orlando Suarez
|
0-0: Ball 1-0: Ball 2-0: Called Strike 2-1: Foul Ball, location: 2F 2-2: Strikes out swinging
|
|
Batting: RHB Ernie Weathersbee
|
0-0: Fly out, F3 (Popup, 23F, EV 85.6 MPH)
|
|
Batting: RHB Jimmy Hammertime
|
0-0: Called Strike 0-1: Ground out 4-3 (Groundball, 34D, EV 105.0 MPH)
|
| Top of the 4th over - 0 runs, 0 hits, 0 errors, 0 left on base; Round Rock 0 - Pawtucket 3 |
| BOTTOM OF THE 4TH |
|
Pawtucket Red Sox batting - Pitching for Round Rock Express : RHP Ryan Jones
|
|
Batting: RHB Mike Quackenbush
|
0-0: Swinging Strike 0-1: Swinging Strike 0-2: Ball 1-2: Foul Ball, location: 2F 1-2: Strikes out swinging
|
|
Batting: RHB Xavier Joslin
|
0-0: Ball 1-0: Ball 2-0: Called Strike 2-1: Called Strike 2-2: Strikes out swinging
|
|
Batting: SHB Gus Cruz
|
0-0: Ball 1-0: Fly out, F9 (Flyball, 9LM, EV 95.6 MPH)
|
| Bottom of the 4th over - 0 runs, 0 hits, 0 errors, 0 left on base; Round Rock 0 - Pawtucket 3 |
| TOP OF THE 5TH |
|
Round Rock Express batting - Pitching for Pawtucket Red Sox : RHP J.J. Dean
|
|
Batting: LHB Pauli Gassinger
|
0-0: Ball 1-0: Foul Ball, location: 2F 1-1: Ground out 6-3 (Groundball, 6, EV 89.4 MPH)
|
|
Batting: RHB Gavin Fimple
|
0-0: Called Strike 0-1: DOUBLE (Line Drive, 7LM, EV 111.2 MPH)
|
|
Batting: RHB Rick Concha
|
0-0: Called Strike 0-1: Called Strike 0-2: Foul Ball, location: 2F 0-2: SINGLE (Line Drive, 6D, EV 97.5 MPH) Gavin Fimple to third
|
|
Batting: RHB Cody Flowers
|
0-0: Swinging Strike 0-1: Grounds into double play, 6-4-3 (Groundball, 56, EV 110.0 MPH)
|
| Top of the 5th over - 0 runs, 2 hits, 0 errors, 1 left on base; Round Rock 0 - Pawtucket 3 |
| BOTTOM OF THE 5TH |
|
Pawtucket Red Sox batting - Pitching for Round Rock Express : RHP Ryan Jones
|
|
Batting: LHB Shoichi Aso
|
0-0: Fly out, F7 (Flyball, 78XD, EV 101.2 MPH)
|
|
Batting: LHB Mike Mentzer
|
0-0: Ball 1-0: Foul Ball, location: 2F 1-1: Ball 2-1: Foul Ball, location: 2F 2-2: Ball 3-2: Fly out, F8 (Flyball, 8RM, EV 76.2 MPH)
|
|
Batting: RHB Marty King
|
0-0: Ball 1-0: Fly out, F9 (Flyball, 89S, EV 90.6 MPH)
|
| Bottom of the 5th over - 0 runs, 0 hits, 0 errors, 0 left on base; Round Rock 0 - Pawtucket 3 |
| TOP OF THE 6TH |
|
Round Rock Express batting - Pitching for Pawtucket Red Sox : RHP J.J. Dean
|
|
Batting: SHB David Simpson
|
0-0: Called Strike 0-1: TRIPLE (Flyball, 9LD, EV 93.8 MPH)
|
|
Batting: RHB Jose Leon
|
0-0: Called Strike 0-1: Foul Ball, location: 2F 0-2: Ball 1-2: Ball 2-2: DOUBLE (Line Drive, 7LM, EV 106.9 MPH) David Simpson scores
|
|
Batting: RHB Orlando Suarez
|
0-0: Called Strike 0-1: Swinging Strike 0-2: Strikes out swinging
|
|
Batting: RHB Ernie Weathersbee
|
0-0: Called Strike 0-1: Ground out 5-3 (Groundball, 56, EV 85.6 MPH)
|
|
Batting: RHB Jimmy Hammertime
|
0-0: Ball 1-0: Ball 2-0: Ball 3-0: Called Strike 3-1: Ground out 6-3 (Groundball, 6, EV 100.6 MPH)
|
| Top of the 6th over - 1 run, 2 hits, 0 errors, 1 left on base; Round Rock 1 - Pawtucket 3 |
| BOTTOM OF THE 6TH |
|
Pawtucket Red Sox batting - Pitching for Round Rock Express : RHP Ryan Jones
|
|
Batting: SHB Marvin Lawrence
|
0-0: Ball 1-0: Ball 2-0: Ball 3-0: Base on Balls
|
|
Batting: SHB Ben Ervin
|
0-0: DOUBLE (Groundball, 5L, EV 103.8 MPH) Marvin Lawrence to third
|
|
Batting: RHB Ernie Genier
|
0-0: Ball 1-0: Called Strike 1-1: Ball 2-1: Ball 3-1: Foul Ball, location: 2F 3-2: Foul Ball, location: 2F 3-2: Fly out, F3 (Popup, 23F, EV 90.0 MPH)
|
|
Batting: RHB Mike Quackenbush
|
0-0: Foul Ball, location: 2F 0-1: Fly out, F8 (Flyball, 8RXD, EV 86.9 MPH) Runner from 3rd tags up, SCORES, no throw by CF Ben Ervin to third
|
|
Batting: RHB Xavier Joslin
|
0-0: Called Strike 0-1: Ball 1-1: Reached on error, E5 (Groundball, 56, EV 78.8 MPH) Ben Ervin scores
|
|
Batting: SHB Gus Cruz
|
0-0: Ball 1-0: Ball 2-0: Ball 3-0: Base on Balls Xavier Joslin to second
|
|
Pitching: RHP Ryusuke Yamamoto
|
|
|
Batting: LHB Shoichi Aso
|
0-0: Called Strike 0-1: Foul Ball, location: 2F 0-2: Foul Ball, location: 2F 0-2: Foul Ball, location: 2F 0-2: Ball 1-2: SINGLE (Groundball, 34D, EV 95.6 MPH) Xavier Joslin to third Gus Cruz to second Runner from 3rd tries for Home, SAFE, throw by RF to home
|
|
Batting: LHB Mike Mentzer
|
0-0: Ball 1-0: SINGLE (Flyball, 9S, EV 96.2 MPH) Gus Cruz to third Shoichi Aso to second Runner from 3rd tries for Home, throw by RF and OUT! 9-2
|
| Bottom of the 6th over - 3 runs, 3 hits, 1 error, 2 left on base; Round Rock 1 - Pawtucket 6 |
| TOP OF THE 7TH |
|
Round Rock Express batting - Pitching for Pawtucket Red Sox : RHP J.J. Dean
|
|
Batting: LHB Pauli Gassinger
|
0-0: Swinging Strike 0-1: Foul Ball, location: 2F 0-2: Strikes out swinging
|
|
Batting: RHB Gavin Fimple
|
0-0: Called Strike 0-1: Hit by Pitch
|
|
Batting: RHB Rick Concha
|
0-0: Ball Gavin Fimple steals 2nd base 1-0: Called Strike Gavin Fimple steals 3rd base (no throw) 1-1: Hit by Pitch
|
|
Batting: RHB Cody Flowers
|
0-0: Ball 1-0: Ball 2-0: Foul Ball, location: 2F 2-1: Ball 3-1: 3-RUN HOME RUN (Flyball, 9D, EV 95.6 MPH), Distance : 361 ft
|
|
Batting: SHB David Simpson
|
0-0: Ball 1-0: Foul Ball, location: 2F 1-1: Ball 2-1: Swinging Strike 2-2: Ball 3-2: Foul Ball, location: 2F 3-2: Fly out, F6 (Popup, 6S, EV 79.4 MPH)
|
|
Batting: RHB Jose Leon
|
0-0: Ball 1-0: Ball 2-0: Ground out 5-3 (Groundball, 56, EV 81.9 MPH)
|
| Top of the 7th over - 3 runs, 1 hit, 0 errors, 0 left on base; Round Rock 4 - Pawtucket 6 |
| BOTTOM OF THE 7TH |
|
Pawtucket Red Sox batting - Pitching for Round Rock Express : RHP Ryusuke Yamamoto
|
|
Batting: RHB Marty King
|
0-0: Ball 1-0: Foul Ball, location: 2F 1-1: Ball 2-1: SINGLE (Line Drive, 8RS, EV 107.5 MPH)
|
|
Batting: SHB Marvin Lawrence
|
0-0: Grounds into double play, U6-3 (Groundball, 6M, EV 89.4 MPH)
|
|
Batting: SHB Ben Ervin
|
0-0: Ball 1-0: Ball 2-0: Ball 3-0: Called Strike 3-1: Base on Balls
|
|
Batting: RHB Ernie Genier
|
0-0: Ball 1-0: Ball 2-0: Called Strike 2-1: Ball 3-1: SINGLE (Groundball, 4MD, EV 103.8 MPH) Ben Ervin to second Runner from 2nd tries for 3rd, SAFE, throw by CF made at trailing runner, OUT! 8-6
|
| Bottom of the 7th over - 0 runs, 2 hits, 0 errors, 1 left on base; Round Rock 4 - Pawtucket 6 |
| TOP OF THE 8TH |
|
Round Rock Express batting - Pitching for Pawtucket Red Sox : RHP J.J. Dean
|
|
Pitching: LHP Ken Intagliata
|
|
|
Batting: RHB Orlando Suarez
|
0-0: Called Strike 0-1: Fly out, F3 (Popup, 34S, EV 74.4 MPH)
|
|
Batting: RHB Ernie Weathersbee
|
0-0: Foul Ball, location: 2F 0-1: Swinging Strike 0-2: Strikes out swinging
|
|
Batting: RHB Jimmy Hammertime
|
0-0: Ground out 4-3 (Groundball, 4, EV 81.9 MPH)
|
| Top of the 8th over - 0 runs, 0 hits, 0 errors, 0 left on base; Round Rock 4 - Pawtucket 6 |
| BOTTOM OF THE 8TH |
|
Pawtucket Red Sox batting - Pitching for Round Rock Express : RHP Ryusuke Yamamoto
|
|
Batting: RHB Mike Quackenbush
|
0-0: Ball 1-0: Called Strike 1-1: Called Strike 1-2: Strikes out swinging
|
|
Batting: RHB Xavier Joslin
|
0-0: Foul Ball, location: 2F 0-1: Swinging Strike 0-2: Ball 1-2: Ball 2-2: Fly out, F9 (Flyball, 89D, EV 95.0 MPH)
|
|
Batting: SHB Gus Cruz
|
0-0: Fly out, F6 (Line Drive, 6, EV 63.8 MPH)
|
| Bottom of the 8th over - 0 runs, 0 hits, 0 errors, 0 left on base; Round Rock 4 - Pawtucket 6 |
| TOP OF THE 9TH |
|
Round Rock Express batting - Pitching for Pawtucket Red Sox : LHP Ken Intagliata
|
|
Pitching: RHP John Jordan
|
|
|
Batting: LHB Pauli Gassinger
|
0-0: Called Strike 0-1: Called Strike 0-2: Ball 1-2: Foul Ball, location: 2F 1-2: Strikes out swinging
|
|
Pinch Hitting: SHB Johnny Stables
|
0-0: Ball 1-0: Ball 2-0: Ball 3-0: Called Strike 3-1: SOLO HOME RUN (Flyball, 7D, EV 99.4 MPH), Distance : 378 ft
|
|
Pinch Hitting: LHB Jeff Densmore
|
0-0: Ground out 4-3 (Groundball, 34, EV 90.0 MPH)
|
|
Batting: RHB Cody Flowers
|
0-0: Ball 1-0: Foul Ball, location: 2F 1-1: Ball 2-1: Ball 3-1: Called Strike 3-2: Ground out 6-3 (Groundball, 15, EV 79.4 MPH)
|
| Top of the 9th over - 1 run, 1 hit, 0 errors, 0 left on base; Round Rock 5 - Pawtucket 6 |
|